 Dungeon Crawl Stone Soup version 0.21-a0-518-g43a1781948 (webtiles) character file.

1 Kaname the Magician (level 1, -1/13 HPs)
             Began as a Demonspawn Wizard on Dec 4, 2017.
             Slain by a jackal (2 damage)
             ... on level 1 of the Dungeon.
             The game lasted 00:00:36 (35 turns).

Kaname the Magician (Demonspawn Wizard)               Turns: 35, Time: 00:00:36

Health: -1/13      AC:  2    Str:  7    XL:     1   Next: 16%
Magic:  0/4        EV: 12    Int: 19    God:
Gold:   0          SH:  0    Dex: 11    Spells: 5/6 levels left

rFire    . . .     SeeInvis .   (no weapon)
rCold    . . .     Gourm    .   (no shield)
rNeg     . . .     Faith    .   a - +0 robe
rPois    .         Spirit   .   b - +0 hat
rElec    .         Reflect  .   (no cloak)
rCorr    .         Harm     .   (no gloves)
MR       .....                  (no boots)
Stlth    ++........             (no amulet)
HPRegen  0.04/turn              (no ring)
MPRegen  0.09/turn              (no ring)

@: no status effects
A: no striking features
a: no special abilities


You were on level 1 of the Dungeon.
You were not hungry.

You visited 1 branch of the dungeon, and saw 1 of its levels.

Inventory:

Armour
 a - a +0 robe (worn)
 b - a +0 hat (worn)
Books
 c - a book of Minor Magic

   Spells                             Type                      Level
   a - Magic Dart                     Conjuration                  1
   b - Blink                          Translocation                2
   c - Call Imp                       Summoning                    2
   d - Slow                           Hexes                        2
   e - Conjure Flame                  Conjuration/Fire             3
   f - Mephitic Cloud                 Conjuration/Poison/Air       3
Comestibles
 d - a bread ration


   Skills:
 - Level 1.7 Dodging
 - Level 1.7 Stealth
 - Level 3.0 Spellcasting
 + Level 1.2 Conjurations
   Level 1.0 Summonings
   Level 0.8 Translocations


You had 5 spell levels left.
You knew the following spells:

 Your Spells              Type           Power        Failure   Level  Hunger
a - Magic Dart            Conj           #...         10%         1    None


Dungeon Overview and Level Annotations

Branches:
Dungeon (1/15)

Altars:


Message History

The bat is severely wounded.
The bat hits you.
The jackal bites you but does no damage.
You closely miss the bat.
The bat is severely wounded.
The bat closely misses you. The bat hits you but does no damage.
The jackal bites you but does no damage.
The jackal closely misses you. The jackal barely misses you.
You hit the bat but do no damage.
The bat is severely wounded.
The bat misses you. The jackal bites you.
* * * LOW HITPOINT WARNING * * *
The jackal barely misses you. The bat hits you but does no damage.
The jackal closely misses you.
You hit the bat.
You kill the bat!
The jackal closely misses you.
The jackal bites you but does no damage.
The jackal bites you.
You die...

#.#.#...#
#.......#
###....#.#
#........#
#.######### #.#
#..)..# #.#
#..<..# #g#
#.....#
#@#####.#####.#
#hh...'''.....#
#h.#########..#
#..#.†.††..#..#
##.#.X≈≈≈≈.#..#
#.#.≈≈≈≈≈.#..#
#.#.≈≈≈≈≈.#..#
#.#.......#..#
#.#########..#


You could see 3 jackals, a goblin and a neutral kraken.

Vanquished Creatures
  A bat (D:1)
  A frilled lizard (D:1)
2 creatures vanquished.

Vanquished Creatures (others)
  A minotaur (D:1)
  2 draconians (D:1)
  2 octopodes (D:1)
  A gargoyle (D:1)
  2 vine stalkers (D:1)
  2 elves (D:1)
  A formicid (D:1)
  A vampire (D:1)
  2 ogres (D:1)
  A kobold (D:1)
  8 tentacles (D:1)
23 creatures vanquished.

Grand Total: 25 creatures vanquished

Notes
Turn   | Place    | Note
-------+----------+-------------------------------------------
     0 | D:1      | Kaname the Demonspawn Wizard began the quest for the Orb.
     0 | D:1      | Reached XP level 1. HP: 13/13 MP: 4/4
     2 | D:1      | Noticed a vine stalker
     2 | D:1      | Noticed a draconian
     2 | D:1      | Noticed an elf
     2 | D:1      | Noticed a gargoyle
     2 | D:1      | Noticed an octopode
     2 | D:1      | Noticed a vine stalker
     2 | D:1      | Noticed an ogre
     2 | D:1      | Noticed a kraken
     2 | D:1      | Noticed an elf
     2 | D:1      | Noticed a vampire
     2 | D:1      | Noticed an ogre
     2 | D:1      | Noticed an octopode
     2 | D:1      | Noticed a formicid
     2 | D:1      | Noticed a draconian
     2 | D:1      | Noticed a minotaur
     4 | D:1      | Killed a gargoyle
     5 | D:1      | Killed an octopode
     5 | D:1      | Killed a vine stalker
     6 | D:1      | Killed an elf
     7 | D:1      | Killed a vine stalker
     8 | D:1      | Killed a formicid
     8 | D:1      | Killed an elf
     8 | D:1      | Killed an octopode
     9 | D:1      | Killed a minotaur
     9 | D:1      | Killed an ogre
    11 | D:1      | Killed a draconian
    15 | D:1      | Killed a draconian
    17 | D:1      | Killed an ogre
    20 | D:1      | Killed a vampire
    35 | D:1      | Slain by a jackal

Vault maps used:
D:1:      nicolae_arrival_kraken_aquarium_b, roderic_serpentine_path

Action                   || total
-------------------------++-------
Melee: Unarmed           ||     9
 Cast: Magic Dart        ||     5
Armor: Robe              ||    11
Dodge: Dodged            ||    18

Table legend:
 A = Spawn XP
 B = Non-spawn XP
 C = Spawn XP percentage of total XP
 D = Spawn monster count
 E = Non-spawn monster count
 F = Spawn count percentage of total count
 G = Total turns spent on level
                    A         B        C        D         E        F      G
               +---------+---------+-------+---------+---------+-------+---------
         Total |       0 |       2 |   0.0 |       0 |       2 |   0.0 |    35
               +---------+---------+-------+---------+---------+-------+---------
           D:1 |       0 |       2 |   0.0 |       0 |       2 |   0.0 |    35
               +---------+---------+-------+---------+---------+-------+---------
